 Dungeon Crawl Stone Soup version 0.26.1-11-gd32895ea62 (webtiles) character file.

Game seed: 18107359698456332855

85 Zeld the Insei (level 4, 0/29 HPs)
             Began as an Octopode Transmuter on May 26, 2021.
             Slain by Natasha (9 damage)
             ... on level 2 of the Dungeon.
             The game lasted 00:02:33 (2767 turns).

Zeld the Insei (Octopode Transmuter)                Turns: 2767, Time: 00:02:33

Health: 0/29       AC:  1    Str: 10    XL:     4   Next: 48%
Magic:  8/8        EV: 14    Int: 15    God:
Gold:   81         SH:  0    Dex: 12    Spells: 2/8 levels left

rFire    . . .     SeeInvis .     - Unarmed
rCold    . . .     Faith    .   (no shield)
rNeg     . . .     Spirit   .   (helmet restricted)
rPois    .         Reflect  .   (no amulet)
rElec    .         Harm     .   (no ring)
rCorr    .         Rampage  .   (no ring)
Will     .....                  (no ring)
Stlth    ++........             (no ring)
HPRegen  0.09/turn              (no ring)
MPRegen  0.11/turn              (no ring)
                                (no ring)
                                (no ring)

@: slowed, very slow
A: almost no armour, stealthy swim, amphibious, 8 rings, constrict 8, camouflage
1, gelatinous body 1
a: no special abilities


You were on level 2 of the Dungeon.
You visited 1 branch of the dungeon, and saw 2 of its levels.

You collected 81 gold pieces.

Inventory:

Scrolls
 a - a scroll of identify {unknown}
 b - 2 scrolls of remove curse
 d - a scroll of enchant weapon {unknown}
 h - a scroll of random uselessness {unknown}
Potions
 c - a potion of brilliance {unknown}
 e - a potion of magic {unknown}
 f - a potion of lignification {unknown}
 g - a potion of heal wounds {unknown}


   Skills:
 + Level 1.8 Fighting
 + Level 2.6 Dodging
 - Level 3.0 Unarmed Combat
 * Level 2.9 Spellcasting
 * Level 3.0 Transmutations


You had 2 spell levels left.
You knew the following spells:

 Your Spells              Type           Power        Failure   Level
a - Beastly Appendage     Tmut           22%          6%          1
b - Wereblood             Tmut           11%          9%          2
c - Spider Form           Tmut/Pois      3%           32%         3

Your spell library contained the following spells:

 Spells                   Type           Power        Failure   Level
 Ice Form                 Ice/Tmut       6%           71%         4
 Blade Hands              Tmut           5%           85%         5


Dungeon Overview and Level Annotations

Branches:
Dungeon (2/15)

Altars:

Annotations:
D:2 Natasha


Innate Abilities, Weirdness & Mutations

You cannot wear most types of armour.
You are very stealthy in the water. (Stealth+)
You are amphibious.
You can wear up to eight rings at the same time.
You can use your tentacles to constrict eight enemies at once.
Your skin changes colour to match your surroundings (Stealth+).
Your rubbery body absorbs attacks. (AC +1, EV +1)


Message History

The white imp laughs crazily.
The white imp closely misses you.
The white imp picks up a beetle and eats it.
Natasha casts a spell.
The white imp closely misses you.
You feel yourself speed up.
Natasha mumbles some strange words.
The white imp puffs mist at you.
The white imp disappears in a puff of smoke!
Found an embroidered scarf and a white potion.
Natasha mumbles some strange words.
Natasha shimmers violently.
The crimson imp blinks!
Natasha casts a spell at you.
You feel yourself slow down.
The white imp disappears in a puff of smoke!
Natasha mumbles some strange words.
The crimson imp disappears in a puff of smoke!
Natasha claws you!
You die...

....[..##.##
....... #.#
.!..... #.#
....... #5#
....... #.#
....... #.#
....... #.#
#h# #@# #.#
#.# ..# .##
#. #. #.


You could see Natasha and a crimson imp (summoned).

Vanquished Creatures
  Crazy Yiuf (D:2)
  An adder (D:2)
  A gnoll (D:1)
  An ooze (D:2)
  A giant cockroach (D:1)
  6 goblins
  6 hobgoblins
  5 bats
  3 frilled lizards (D:1)
  4 kobolds
  5 rats (D:1)
34 creatures vanquished.

Vanquished Creatures (others)
  3 fungi (D:2)
  A plant (D:1)
4 creatures vanquished.

Grand Total: 38 creatures vanquished

Notes
Turn   | Place    | Note
-------+----------+-------------------------------------------
     0 | D:1      | Zeld the Octopode Transmuter began the quest for the Orb.
     0 | D:1      | Reached XP level 1. HP: 13/13 MP: 3/3
    81 | D:1      | Reached XP level 2. HP: 15/18 MP: 3/5
    91 | D:1      | Learned a level 2 spell: Wereblood
   755 | D:1      | Reached XP level 3. HP: 19/23 MP: 6/6
   759 | D:1      | Learned a level 3 spell: Spider Form
  1733 | D:2      | Found a runed translucent door.
  1734 | D:2      | Noticed Crazy Yiuf
  2365 | D:2      | HP: 1/23 [Crazy Yiuf/+3 quarterstaff of chaos (10)]
  2373 | D:2      | Killed Crazy Yiuf
  2374 | D:2      | Reached XP level 4. HP: 2/29 MP: 2/8
  2725 | D:2      | Noticed Natasha
  2767 | D:2      | Slain by Natasha

Illustrated notes

Levels and vault maps discovered:
D:1:      tarquinn_simple_flora_water_b, layout_basic, serial_forest,
          infiniplex_forest_clump_double, infiniplex_forest_lined_room_2,
          infiniplex_forest_diagonal, infiniplex_forest_zigzag_2,
          infiniplex_forest_clump_tiny, infiniplex_forest_clump_diagonal,
          minmay_liquid_box
D:2:      layout_rooms, nicolae_ru_awakened_eye, uniq_natasha,
          uniq_crazy_yiuf_cottage

Skill      XL: |  1  2  3 |
---------------+----------+-----
Transmutations | 3 |  3.0
Fighting       | |  1.8
Dodging        | |  2.6
Unarmed Combat | |  3.0
Spellcasting   | |  2.9

Action                   |  1- 3 |  4- 6 || total
-------------------------+-------+-------++-------
Melee: Unarmed           |    65 |     7 ||    72
       Kick              |    18 |     4 ||    22
       Constrict         |    30 |     3 ||    33
       Tentacles         |    11 |     1 ||    12
       Punch             |       |     1 ||     1
 Cast: Beastly Appendage |    19 |     3 ||    22
       Spider Form       |     2 |       ||     2
       Wereblood         |     1 |       ||     1
  Use: Scroll            |       |     1 ||     1
 Stab: Sleeping          |     3 |       ||     3
Armor: Skin              |     4 |       ||     4
Dodge: Dodged            |    37 |    11 ||    48
